 Dungeon Sprint DCSS version 0.20-a0-11-ga97c7b5 (webtiles) character file.

620 poirepourri the Blocker (level 7, -1/64 HPs)
             Began as a Minotaur Fighter on Nov 2, 2016.
             Was an Initiate of Hepliaklqana.
             Succumbed to Sonja's poison
             ... in the Dungeon (Sprint I: "Red Sonja").
             The game lasted 00:01:05 (442 turns).

poirepourri the Blocker (Minotaur Fighter)           Turns: 442, Time: 00:01:06

Health: -1/64      AC:  8    Str: 22    XL:     7   Next: 22%
Magic:  6/6        EV: 10    Int:  5    God:    Hepliaklqana [......]
Gold:   302        SH: 12    Dex: 10    Spells: 0 memorised, 6 levels left

rFire  . . .     SeeInvis .     a - +0 war axe
rCold  . . .     Gourm    .     b - +0 scale mail
rNeg   . . .     Faith    .     c - +0 shield
rPois  .         Spirit   .     (helmet restricted)
rElec  .         Reflect  .     (no cloak)
rCorr  .         Harm     .     (no gloves)
MR     .....     NoTele   +     (no boots)
Stlth  ..........               (no amulet)
                                (no ring)
                                (no ring)

@: lethally poisoned (-1 -> -28)
A: retaliatory headbutt, reduced essence, horns 2
a: Recall Ancestor, Ancestor Identity, Renounce Religion


You were in the Dungeon.
You worshipped Hepliaklqana.
Hepliaklqana was noncommittal.
You were not hungry.

You visited 1 branch You collected 302 gold pieces.

Inventory:

Hand Weapons
 a - a +0 war axe (weapon)
Armour
 b - a +0 scale mail (worn)
 c - a +0 shield (worn)
Wands
 l - a wand of teleportation (4/9)
Scrolls
 k - a scroll of blinking
Potions
 d - a potion of might
 h - a potion of haste
 i - 2 potions of magic
 j - 2 potions of berserk rage
 m - a potion of lignification {unknown}
Comestibles
 f - a bread ration


   Skills:
 + Level 10.3 Fighting
 + Level 7.7 Axes
 + Level 10.4 Armour
 + Level 2.0 Dodging
 + Level 10.6 Shields


You had 6 spell levels left.
You didn't know any spells.

Dungeon Overview and Level Annotations

Branches:
Dungeon (1/1)

Altars:
Cheibriados
Dithmenos
Elyvilon
Fedhas
Gozag
Hepliaklqana
Kikubaaqudgha
Makhleb
Nemelex Xobeh
Okawaru
Qazlal
Ru
Sif Muna
Trog
Uskayaw
Vehumet
Xom
Yredelemnul
Zin
The Shining One
Jiyva
Lugonu

Shops:
D (

Annotations:
D Sonja


Innate Abilities, Weirdness & Mutations

You reflexively headbutt those who attack you in melee.
You have a pair of horns on your head.
Your life essence is reduced. (-10% HP)


Message History

Sonja hits you but does no damage.
You are more poisoned.
You see here 27 gold pieces.
You feel better. You block Sonja's attack. Sonja hits you but does no damage.
You are poisoned.
Sonja hits you but does no damage.
You miss Sonja. Your headbutt misses Sonja.
You feel sick.
Sonja hits you with an uncursed dagger of venom.
* * * LOW HITPOINT WARNING * * *
You are lethally poisoned!
Sonja hits you with an uncursed dagger of venom.
* * * LOW HITPOINT WARNING * * *
You are more poisoned.
Sonja barely misses you. You block Sonja's attack.
Sonja hits you with an uncursed dagger of venom.
* * * LOW HITPOINT WARNING * * *
You are more poisoned.
Sonja closely misses you.
You barely miss Sonja. Your headbutt misses Sonja.
You die...

#..#####'#####'#__#
#..####..#...#(# ##
#..#__####..##.#
#..#_____##'#..+
#⌠⌠#_.∩...'..._#
####_..__##_(#'#
#_____###'#.#
#########(### +@.$+
#$K$# ##.## #+#


You could see Sonja.

Vanquished Creatures
  A slime creature (D)
  Sigmund (D)
  A yak (D)
  An ogre (D)
  A jelly (D)
  Ijyb (D)
6 creatures vanquished.

Vanquished Creatures (others)
  An ancestor (D)
1 creature vanquished.

Grand Total: 7 creatures vanquished

Notes
Turn   | Place    | Note
-------+----------+-------------------------------------------
     0 | D        | poirepourri the Minotaur Fighter began the quest for the Orb.
     0 | D        | Reached XP level 1. HP: 19/19 MP: 0/0
     1 | D        | Noticed Ijyb
     7 | D        | Killed Ijyb
     7 | D        | Reached skill level 5 in Fighting
     7 | D        | Reached skill level 5 in Armour
     7 | D        | Reached skill level 5 in Shields
     7 | D        | Reached XP level 2. HP: 29/29 MP: 1/1
    45 | D        | Noticed an ogre
    47 | D        | HP: 1/29 [ogre/giant club (28)]
    48 | D        | Killed an ogre
    48 | D        | Reached XP level 3. HP: 2/38 MP: 2/2
    48 | D        | Reached XP level 4. HP: 2/45 MP: 3/3
   345 | D        | Noticed Sigmund
   353 | D        | Killed Sigmund
   353 | D        | Reached skill level 5 in Axes
   353 | D        | Reached skill level 1 in Dodging
   353 | D        | Reached XP level 5. HP: 56/56 MP: 4/4
   366 | D        | Found a burning altar of Makhleb.
   366 | D        | Found a viscous altar of Jiyva.
   366 | D        | Found a shimmering altar of Xom.
   366 | D        | Found a corrupted altar of Lugonu.
   366 | D        | Noticed a slime creature
   367 | D        | Found a deep blue altar of Sif Muna.
   371 | D        | Killed a slime creature
   371 | D        | Reached skill level 10 in Shields
   371 | D        | Reached XP level 6. HP: 66/66 MP: 5/5
   376 | D        | Found a radiant altar of Vehumet.
   379 | D        | Reached skill level 10 in Armour
   395 | D        | Found Monnool's Weapon Emporium.
   395 | D        | Found an ancient bone altar of Kikubaaqudgha.
   395 | D        | Found a hazy altar of Hepliaklqana.
   395 | D        | Found a stormy altar of Qazlal.
   395 | D        | Found a hide-covered altar of Uskayaw.
   395 | D        | Found a blossoming altar of Fedhas.
   395 | D        | Found a bloodstained altar of Trog.
   395 | D        | Found an iron altar of Okawaru.
   395 | D        | Found a basalt altar of Yredelemnul.
   395 | D        | Found a glowing golden altar of the Shining One.
   395 | D        | Found a snail-covered altar of Cheibriados.
   395 | D        | Found a sacrificial altar of Ru.
   395 | D        | Found a glowing silver altar of Zin.
   395 | D        | Found a shadowy altar of Dithmenos.
   395 | D        | Found a white marble altar of Elyvilon.
   395 | D        | Noticed a yak
   399 | D        | Killed a yak
   399 | D        | Reached skill level 10 in Fighting
   399 | D        | Reached XP level 7. HP: 62/72 MP: 6/6
   400 | D        | Found an opulent altar of Gozag.
   401 | D        | Found a sparkling altar of Nemelex Xobeh.
   426 | D        | Became a worshipper of Hepliaklqana the Forgotten
   435 | D        | Noticed Sonja
   441 | D        | HP: 2/64 [Sonja/uncursed dagger of venom (4)]
   442 | D        | Succumbed to Sonja's poison

Vault maps used:
D:        dungeon_sprint_1

Skill      XL: |  1  2  3  4  5  6 |
---------------+-------------------+-----
Fighting       | 5 6 8 9 10 | 10.3
Axes           | 3 4 5 6 7 |  7.7
Armour         | 5 7 8 9 10 | 10.4
Shields        | 5 7 8 10 | 10.6
Dodging        | 1 2 |  2.0

Action                   |  1- 3 |  4- 6 |  7- 9 || total
-------------------------+-------+-------+-------++-------
Melee: War axe           |     8 |    16 |     2 ||    26
       Headbutt          |     2 |     5 |       ||     7
  Use: Potion            |       |       |     2 ||     2
Armor: Scale mail        |     3 |     2 |     2 ||     7
Dodge: Dodged            |     1 |     2 |     2 ||     5
Block: Shield            |     3 |    11 |     5 ||    19
